 Dungeon Crawl Stone Soup version 0.30-b1-2-g02819fbbbe (webtiles) character file.

Game seed: 11668918705471082126

4328 redmage the Transmogrifier (level 10, -2/111 HPs)
             Began as a Meteoran Ice Elementalist on Aug 4, 2023.
             Was a Believer of Cheibriados.
             Slain by Urug
             ... wielding a +2 long sword
              (7 damage)
             ... on level 11 of the Dungeon.
             The game lasted 00:41:56 (2296 turns).

redmage the Transmogrifier (MeIE)                   Turns: 2296, Time: 00:41:57

Health: -2/111     AC: 12    Str: 15    XL:     10   Next: 89%
Magic:  4/18       EV: 19    Int: 25    God:    Cheibriados [**....]
Gold:   226        SH:  0    Dex: 18    Spells: 1/19 levels left

rFire   . . .        w - +2 flail (holy)
rCold   . . .        (no shield)
rNeg    . . .        a - +0 robe
rPois   +            p - +0 helmet
rElec   .            (no cloak)
rCorr   .            g - +0 pair of gloves
SInv    .            (no boots)
Will    +....        (no amulet) Stlth
                     f - +5 ring of evasion
HPRegen 0.38/turn    v - ring of poison resistance
MPRegen 0.16/turn

%: no passive effects
@: mighty, berserking, ice-armoured, glowing, very slow
A: sense surroundings 2, otherworldly, glowing, explore regen
a: Renounce Religion, Bend Time


You were on level 11 of the Dungeon.
You worshipped Cheibriados.
Cheibriados was pleased with you.
You visited 2 branches of the dungeon, and saw 12 of its levels.
You also visited: Sewer.

You collected 226 gold pieces.

Inventory:

Hand Weapons
 o - a +0 heavy spear
 w - a +2 flail of holy wrath (weapon)
Missiles
 e - 5 poisoned darts
Armour
 a - a +0 robe (worn)
 g - a +0 pair of gloves (worn)
 j - +0 acid dragon scales
 p - a +0 helmet (worn)
Magical Staves
 y - a staff of air
 z - a staff of earth
Jewellery
 f - a +5 ring of evasion (left hand)
 v - a ring of poison resistance (right hand)
Scrolls
 i - 2 scrolls of fear
 r - 2 scrolls of enchant weapon
 s - 5 scrolls of magic mapping
 x - a scroll of blinking
 A - a scroll of amnesia {unknown}
Potions
 b - a potion of magic
 c - a potion of ambrosia
 d - a potion of attraction
 h - a potion of flight
 m - a potion of mutation {unknown}
 n - a potion of brilliance {unknown}
 q - a potion of curing
 t - 2 potions of degeneration {unknown}


   Skills:
 - Level 2.7 Fighting
 - Level 4.1 Dodging
 - Level 1.4 Stealth
 - Level 3.0 Unarmed Combat
 - Level 5.2 Spellcasting
 - Level 5.0 Summonings
 + Level 8.8 Transmutations
 - Level 8.3 Ice Magic
 + Level 8.8 Air Magic
 - Level 3.3 Invocations


You had one spell level left.
You knew the following spells:

 Your Spells              Type           Power      Damage    Failure   Level
a - Freeze                Ice            100%       1d10      1%          1
b - Frozen Ramparts       Ice            96%        1d15      1%          3
c - Ozocubu's Armour      Ice            48%        N/A       1%          3
d - Summon Ice Beast      Ice/Summ       39%        N/A       5%          4
w - Storm Form            Tmut/Air       25%        N/A       87%         7

Your spell library contained the following spells:

 Spells                   Type           Power      Damage    Failure   Level
 Blink                    Tloc           12%        N/A       12%         2
 Manifold Assault         Tloc           6%         N/A       63%         4


Dungeon Overview and Level Annotations

Branches:
Dungeon (11/15) Zot: 7012  Temple (1/1) D:5 Zot: 874   Sewer (visited)
   Lair: D:8-11         Orc: D:9-12

Altars:
Cheibriados
Elyvilon
Gozag
Kikubaaqudgha
Nemelex Xobeh
Qazlal
Sif Muna
Trog
Xom
Yredelemnul
Zin
The Shining One

Shops:
D:2 =

Annotations:
D:5 1 runed translucent door
D:7 exclusion: upstairs
D:11 Urug


Innate Abilities, Weirdness & Mutations

You passively map the area around you.
You are easily found by Zot.
You glow in the dark.
You regain HP and MP as you explore.


Message History

Urug throws a javelin.
The javelin pierces through your ice beast!!
Your ice beast dies!
Your ice beast disappears in a puff of smoke!
The javelin closely misses you. Urug misses you.
Urug screams, "You are already dead."
Urug completely misses you.
Casting: Ozocubu's Armour (safe; 1% risk of failure)
Confirm with . or Enter, or press ? or * to list all spells.
A film of ice covers your body! Urug hits you with a +2 long sword.
You feel much better. Urug hits you with a +2 long sword!
You sock Urug!
Urug is heavily wounded.
Urug howls with blood-lust.
Urug hits you with a +2 long sword.
You barely miss Urug.
Urug is heavily wounded.
Urug hits you with a +2 long sword!
You hit Urug but do no damage.
Urug is heavily wounded.
Urug hits you with a +2 long sword! Urug hits you with a +2 long sword!!
* * * LOW HITPOINT WARNING * * *
A red film seems to cover your vision as you go berserk!
Cheibriados forces you to slow down.
You feel mighty! Urug hits you but does no damage.
You hit Urug.
Urug is heavily wounded.
Urug hits you with a +2 long sword.
* * * LOW HITPOINT WARNING * * *
You hit Urug but do no damage.
Urug is heavily wounded.
Urug hits you with a +2 long sword!
* * * LOW HITPOINT WARNING * * *
Urug hits you with a +2 long sword.
* * * LOW HITPOINT WARNING * * *
You completely miss Urug.
Urug is heavily wounded.
Urug hits you with a +2 long sword!
You die...

#.....#....#########,
, #.....######...,,,
, #.....#........ , ,
, , #.....#........,
#.....#........ ,,,
#.....#....... ,,, ,
#.....#....#### * ,
#..............
#......@....... , , ,
#.......o...... , ,*
#.............. *
#.......?....[.
#.............. , , ,
#..............
#.............., , *
,, ###############* *
***


You could see Urug.

Vanquished Creatures
  A two-headed ogre (D:10)
  A komodo dragon (D:10)
  A hornet (D:8)
  A troll (D:10)
  Sigmund (D:3)
  A shadow (D:11)
  A vampire mosquito (D:5)
  2 orc warriors
  An ogre (D:4)
  A black bear (D:5)
  8 scorpions
  3 killer bees (D:10)
  2 howler monkeys
  2 gnoll boudas
  4 jellies
  4 orc priests
  A hound (D:4)
  3 sleepcaps
  3 iguanas
  3 orc wizards
  Robin (D:4)
  6 gnolls
  2 river rats
  5 adders
  2 dart slugs
  A worm (D:5)
  8 orcs
  12 endoplasms
  7 giant cockroaches
  16 goblins
  5 hobgoblins
  A quokka (D:1)
  6 ball pythons
  3 bats
  2 frilled lizards
  4 kobolds
  12 rats
  3 butterflies (D:5)
140 creatures vanquished.

Vanquished Creatures (collateral kills)
  A kobold demonologist (D:10)
  A hornet (D:8)
  An acid dragon (D:9)
  A kobold brigand (D:8)
  3 killer bees (D:10)
  An orc priest (D:10)
  A gnoll (D:10)
  An orc (D:10)
10 creatures vanquished.

Vanquished Creatures (others)
  An orc (D:4)
1 creature vanquished.

Grand Total: 151 creatures vanquished

Notes
Turn   | Place    | Note
-------+----------+-------------------------------------------
     0 | D:1      | redmage the Meteoran Ice Elementalist began the quest for
                  | the Orb.
     0 | D:1      | Reached XP level 1. HP: 14/14 MP: 5/5
    43 | D:1      | Reached XP level 2. HP: 20/20 MP: 0/6
   158 | D:2      | Found Caumoxt's Jewellery Boutique.
   248 | D:1      | Reached XP level 3. HP: 7/26 MP: 3/8
   250 | D:1      | Reached skill level 5 in Ice Magic
   255 | D:1      | Learned a level 3 spell: Frozen Ramparts
   259 | D:1      | Learned a level 3 spell: Ozocubu's Armour
   351 | D:3      | Found a glowing drain.
   360 | D:3      | Reached XP level 4. HP: 33/33 MP: 0/10
   398 | Sewer    | Entered a sewer
   482 | Sewer    | Reached XP level 5. HP: 38/38 MP: 3/11
   491 | Sewer    | Learned a level 4 spell: Summon Ice Beast
   503 | Sewer    | Reached skill level 1 in Summonings
   563 | Sewer    | Reached XP level 6. HP: 43/45 MP: 3/13
   587 | Sewer    | Found a shimmering altar of Xom.
   649 | D:3      | Noticed Sigmund
   683 | D:3      | Killed Sigmund
   684 | D:3      | Reached XP level 7. HP: 26/50 MP: 8/14
   708 | D:4      | Noticed Robin
   741 | D:4      | Killed Robin
   778 | D:5      | Entered Level 5 of the Dungeon
   791 | D:5      | Reached skill level 5 in Summonings
   847 | D:4      | Reached XP level 8. HP: 45/57 MP: 6/15
   984 | D:5      | Found a staircase to the Ecumenical Temple.
   993 | Temple   | Entered the Ecumenical Temple
  1002 | Temple   | Became a worshipper of Cheibriados the Contemplative
  1069 | D:5      | Reached skill level 1 in Invocations
  1175 | D:5      | Reached skill level 1 in Unarmed Combat
  1184 | D:5      | Found a runed translucent door.
  1185 | D:5      | Found a runed translucent door.
  1185 | D:5      | Noticed a vampire mosquito
  1191 | D:5      | Reached skill level 1 in Fighting
  1194 | D:5      | Killed a vampire mosquito
  1195 | D:5      | Gained mutation: You passively map the area around you.
                  | [Meteoran growth]
  1195 | D:5      | Reached XP level 9. HP: 68/68 MP: 9/17
  1199 | D:5      | Reached skill level 5 in Spellcasting
  1228 | D:5      | Learned a level 7 spell: Storm Form
  1263 | D:3      | Found a sparkling altar of Nemelex Xobeh.
  1337 | D:7      | Reached * piety under Cheibriados
  1613 | D:8      | Noticed a hornet
  1617 | D:8      | Killed a hornet
  1642 | D:8      | Noticed a hornet
  1650 | D:8      | Killed a hornet
  1651 | D:8      | Reached skill level 5 in Transmutations
  1651 | D:8      | Reached skill level 5 in Air Magic
  1651 | D:8      | Reached XP level 10. HP: 74/74 MP: 7/18
  1726 | D:10     | Entered Level 10 of the Dungeon
  1783 | D:10     | Noticed a kobold demonologist
  1794 | D:10     | Noticed an ice devil
  1799 | D:10     | Noticed an ice devil
  1805 | D:10     | Killed a kobold demonologist
  2034 | D:10     | Noticed a komodo dragon
  2054 | D:10     | Killed a komodo dragon
  2121 | D:10     | Noticed a two-headed ogre
  2126 | D:10     | Killed a two-headed ogre
  2151 | D:10     | Reached ** piety under Cheibriados
  2266 | D:11     | Noticed Urug
  2295 | D:11     | HP: 5/111 [Urug/+2 long sword (6)]
  2296 | D:11     | Slain by Urug

Illustrated notes

Levels and vault maps discovered:
D:1:      evilmike_arrival_plus, layout_loops_ring
D:2:      layout_basic, serial_shops, shop
D:3:      minmay_goblin_kobold_castle, layout_loops_ring,
          general_overflow_altar, portal_sewer_entry_c, minmay_strange_pillars,
          uniq_sigmund
D:4:      layout_loops_cross, nicolae_wu_jian_immortal_techniques, uniq_robin,
          uniq_ijyb
D:5:      lemuel_insect_pit, layout_layer_cave, lemuel_temple_firewalk_b
D:6:      layout_basic, nicolae_ashenzari_panopticon, lemuel_doored_altar,
          nicolae_uskayaw_suspiria, minmay_misc_feat_hallway, uniq_blork_the_orc
D:7:      layout_basic, overflow_temple_1_default, amcnicky_altar_gilded
D:8:      layout_basic, overflow_temple_1_default, hangedman_feature_mirror,
          kennysheep_pointless_box
D:9:      layout_stronghold
D:10:     layout_basic
D:11:     layout_grid_maze, david_lair_shrubbed, gammafunk_ghost_grave,
          uniq_urug
Temple:   eino_temple_lava

Skill      XL: |  1  2  3  4  5  6  7  8  9 10 |
---------------+-------------------------------+-----
Spellcasting   | 3 4 5 |  5.2
Ice Magic      | 5 6 7 8 |  8.3
Summonings     | 2 4 5 |  5.0
Invocations    | 2 3 |  3.3
Unarmed Combat | 2 3 |  3.0
Fighting       | 2 |  2.7
Dodging        | 3 4 |  4.1
Transmutations | 5 8 |  8.8
Air Magic      | 5 8 |  8.8
Stealth        | |  1.4

Action                     |  1- 3 |  4- 6 |  7- 9 | 10-12 || total
---------------------------+-------+-------+-------+-------++-------
  Melee: Unarmed           |       |    40 |     6 |       ||    46
         Spear             |       |       |    49 |    12 ||    61
         Punch             |       |       |     1 |       ||     1
         Flail             |       |       |       |     7 ||     7
   Cast: Freeze            |    28 |    16 |    14 |     2 ||    60
         Frozen Ramparts   |     2 |    14 |    25 |    11 ||    52
         Ozocubu's Armour  |     1 |     1 |    14 |     9 ||    25
         Summon Ice Beast  |       |       |     5 |    13 ||    18
    Use: Potion            |     1 |     1 |       |     6 ||     8
         Scroll            |       |       |     9 |     3 ||    12
 Armour: Robe              |     5 |    15 |    26 |     7 ||    53
  Dodge: Dodged            |    28 |    38 |    55 |    23 ||   144
